Map: Kairos Junction LE

Players

PtitDrogo

  • Race: Protoss Protoss
  • League: Grandmaster
  • Spawn Location: 5:00

HeroMarine - Winner!

  • Race: Terran Terran
  • League: Master
  • Spawn Location: 11:00

Event: 2019 WCS Winter Europe

VOD

Have the link to the VOD?

Description

Time

  • Played on: March 24, 2019, 10:14 a.m.
  • Length: 10:37

All games in this series

Show
View Real Time Build Order
Export as new Build Order

PtitDrogo Protoss 

Build Orders: 1 Gate Expand, Archon Immortal, Colossus Rush 

Get SALT Encoding   

  12  0:00  Probe  
  13  0:12  Probe  
  14  0:17  Pylon  
  14  0:24  Probe  
  15  0:32  Probe  
  15  0:37  Gateway  
  15  0:40  Probe  
  16  0:46  Assimilator  
  17  0:51  Probe  
  18  1:03  Probe  
  19  1:15  Probe  
  20  1:21  Nexus  
  20  1:31  Cybernetics Core  
  20  1:34  Probe  
  20  1:39  Assimilator  
  21  1:46  Probe  
  22  1:51  Pylon  
  22  1:58  Probe  
  22  1:59  Stalker  
  23  2:07  Warp Gate  
  23  2:10  Probe  
  26  2:22  Probe  
  26  2:29  Stalker, Probe  
  29  2:30  Probe  
  31  2:37  Probe  
  31  2:38  Probe, Robotics Facility  
  33  2:48  Probe  
  33  2:49  Probe  
  35  3:00  Probe  
  35  3:01  Sentry, Probe  
  39  3:06  Gateway  
  39  3:08  Gateway  
  39  3:12  Probe  
  40  3:13  Probe  
  40  3:17  Pylon  
  40  3:19  Observer  
  41  3:24  Probe  
  41  3:25  Probe  
  44  3:28  Pylon  
  44  3:33  Probe  
  44  3:37  Probe  
  44  3:39  Assimilator  
  44  3:40  Observer  
  46  3:41  Assimilator, Probe  
  46  3:45  Pylon  
  48  3:49  Probe  
  49  3:55  Stalker  
  49  3:57  Probe  
  49  4:01  Stalker  
  49  4:02  Probe  
  55  4:06  Warp Prism  
  55  4:09  Probe  
  56  4:14  Probe  
  59  4:21  Probe  
  59  4:25  Robotics Bay  
  59  4:26  Probe  
  59  4:29  Sentry x2  
  59  4:31  Pylon  
  64  4:33  Probe  
  65  4:40  Immortal  
  69  4:54  Nexus  
  69  4:56  Pylon  
  69  5:07  Gateway  
  69  5:08  Gateway  
  69  5:09  Twilight Council  
  69  5:12  Colossus, Forge  
  69  5:23  Extended Thermal Lance  
  69  5:26  Blink  
  75  5:28  Pylon  
  75  5:35  Probe x2  
  77  5:38  Pylon  
  77  5:46  Protoss Ground Weapons Level 1  
  77  5:48  Stalker x2  
  81  5:50  Probe  
  81  5:53  Colossus  
  81  5:54  Shield Battery  
  82  6:03  Probe x2  
  84  6:08  Probe  
  91  6:13  Pylon  
  91  6:15  Probe  
  92  6:21  Stalker x2  
  96  6:26  Probe  
  96  6:27  Pylon  
  96  6:28  Photon Cannon  
  96  6:30  Probe  
  98  6:34  Probe  
  98  6:35  Colossus  
  98  6:38  Probe  
  100  6:42  Probe  
  101  6:48  Stalker x2  
  111  6:54  Gateway  
  111  6:56  Gateway  
  111  7:08  Charge  
  111  7:13  Stalker x5  
  120  7:23  Gateway  
  118  7:30  Protoss Ground Armor Level 1  
  118  7:38  Probe x3  
  118  7:40  Assimilator  
  118  7:43  Assimilator  
  121  7:45  Immortal  
  125  7:55  Pylon  
  125  7:56  Pylon  
  125  7:57  Pylon  
  125  8:03  Forge  
  125  8:04  Pylon  
  125  8:13  Probe x3  
  125  8:14  Nexus  
  125  8:15  Immortal  
  128  8:26  Pylon  
  132  8:27  Templar Archives  
  132  8:32  Zealot x7  
  146  8:36  Gateway  
  146  8:38  Gateway  
  144  8:52  Zealot  
  144  8:53  Zealot  
  148  8:58  Shield Battery  
  148  9:01  Photon Cannon  
  144  9:03  Immortal  
  144  9:06  High Templar x4  
  156  9:10  Archon x2  
  156  9:13  Zealot x4  
  156  9:16  Pylon  
  164  9:18  Pylon  
  148  9:39  High Templar x3  
  148  9:40  Zealot x2, High Templar  
  148  9:41  Zealot x2  
  148  9:42  Colossus  
  148  9:45  Archon x2  
  149  9:52  Zealot x2  
  117  10:03  Stalker x4  
  117  10:04  Probe  
  112  10:12  Stalker x3  
  100  10:18  Probe  
  83  10:22  Zealot x3  
  83  10:26  Zealot x3  
Show
View Real Time Build Order
Export as new Build Order

HeroMarine Terran - Winner!

Build Orders: Reaper Expand 

Get SALT Encoding   

  12  0:00  SCV  
  13  0:12  SCV  
  14  0:17  Supply Depot  
  14  0:24  SCV  
  15  0:38  SCV  
  15  0:40  Barracks  
  16  0:45  Refinery  
  16  0:50  SCV  
  17  1:03  SCV  
  18  1:15  SCV  
  19  1:28  Reaper, Orbital Command  
  20  1:40  Command Center  
  20  1:51  Supply Depot  
  20  1:55  SCV  
  20  2:00  Marine  
  22  2:07  SCV  
  23  2:11  Factory  
  23  2:14  Refinery  
  23  2:19  SCV  
  24  2:23  Barracks Reactor  
  24  2:28  Barracks  
  24  2:31  SCV  
  25  2:43  SCV  
  26  2:55  SCV  
  26  2:56  Factory Tech Lab  
  27  2:59  Orbital Command  
  27  3:00  Marine x2  
  29  3:07  SCV  
  30  3:15  Starport, Cyclone  
  30  3:19  SCV  
  34  3:21  Marine  
  34  3:22  Marine  
  34  3:23  Barracks Tech Lab  
  34  3:26  SCV  
  37  3:30  Refinery  
  37  3:32  SCV  
  38  3:37  Bunker  
  38  3:38  SCV  
  39  3:44  SCV  
  39  3:47  Supply Depot  
  40  3:50  SCV  
  40  3:52  Stimpack  
  41  3:58  SCV  
  41  3:59  Engineering Bay  
  41  4:02  SCV  
  43  4:03  Marine x2  
  43  4:04  Marine  
  43  4:09  Raven  
  48  4:12  SCV  
  48  4:14  SCV  
  49  4:19  Supply Depot  
  49  4:24  SCV  
  49  4:26  Barracks  
  52  4:33  Terran Infantry Weapons Level 1, SCV  
  52  4:36  SCV  
  52  4:38  Marauder  
  54  4:45  SCV, Marine x2  
  56  4:48  SCV  
  56  4:51  Supply Depot  
  58  4:53  Supply Depot  
  58  4:57  SCV  
  58  4:59  Starport Reactor, Factory Reactor  
  59  5:00  SCV  
  59  5:03  Refinery  
  59  5:04  Marauder  
  62  5:13  SCV x2  
  64  5:14  Supply Depot  
  62  5:24  Marauder  
  62  5:25  SCV x2  
  62  5:27  Marauder  
  68  5:32  Marine x2  
  70  5:37  Medivac x2  
  70  5:38  Widow Mine  
  70  5:39  Supply Depot, Widow Mine  
  78  5:47  Combat Shield  
  78  5:51  Marauder x2, Marine x2  
  78  5:53  Concussive Shells  
  84  6:00  Command Center  
  84  6:03  SCV x2  
  86  6:07  Supply Depot  
  86  6:12  Marauder x2  
  86  6:13  Marine  
  86  6:16  Marine  
  92  6:19  SCV x2  
  93  6:29  Medivac x2  
  93  6:31  Supply Depot  
  97  6:39  Barracks  
  97  6:40  Barracks  
  97  6:42  Marauder x2  
  97  6:44  Marine x2  
  102  6:48  Terran Infantry Armor Level 1  
  102  6:51  Ghost Academy  
  102  6:55  SCV x2  
  102  6:58  Supply Depot  
  110  7:12  SCV x2  
  110  7:14  Viking x2  
  108  7:18  Orbital Command  
  108  7:21  Marauder x2  
  112  7:24  SCV x2  
  112  7:27  Starport  
  114  7:30  Barracks Tech Lab x2  
  114  7:36  SCV x2  
  116  7:37  Refinery x2  
  116  7:43  SCV  
  117  7:45  Marauder x2  
  117  7:46  Viking x2  
  117  7:48  SCV x2  
  127  7:54  Supply Depot  
  127  7:55  Missile Turret  
  127  8:03  Marine x2  
  132  8:08  Viking x2  
  133  8:15  Ghost x3  
  133  8:16  Ghost  
  133  8:17  Supply Depot  
  133  8:19  Supply Depot  
  141  8:29  Supply Depot  
  141  8:30  Supply Depot  
  141  8:38  Viking x4  
  149  8:45  Marauder x4  
  149  8:46  Marine  
  157  8:50  Marine  
  157  8:51  Liberator  
  157  8:53  SCV x3  
  161  8:57  Supply Depot  
  161  9:01  Liberator x3  
  161  9:06  Marauder x4  
  172  9:14  Supply Depot  
  172  9:20  Supply Depot  
  172  9:22  Marine  
  181  9:29  Marine  
  181  9:34  Liberator  
  181  9:36  Marauder x2  
  180  9:44  Marauder  
  172  9:57  Marauder  
  172  9:59  Marine x2  
  160  10:09  Marauder  
  160  10:11  Marauder  
  160  10:12  Marauder  
  145  10:17  Marine x2  
  145  10:18  Marine  
  130  10:28  Command Center  
  133  10:29  Armory  
Tags
 
Add a new tag
Caveats
  • Supply blocks, unpowered buildings, or Contaminate may cause inaccurate times.
  • Supply counts are checked every 10 seconds.